AoeStats
← Brigglyo

Nomad

505013608Analyzed
2v2 RM · 26d ago on Sep 7, 2026· 27m 33s· 4 players
Game mode
Random Map
Map size
176×176
Population
200
Speed
Normal
Resources
Standard
Victory
Conquest
Starting age
Dark Age
Ending age
Imperial Age
RankedLock teamsTeams togetherTeam positionsShared explorationLock speedFull tech treeHidden civsTurbo modeCheats
Victory
Defeat
🇧🇷 Spanish · Brazil
1074
+15
🇧🇷 Jurchens · Brazil
1072
+15
🇪🇸 Franks · Spain
1060
-15
🇪🇸 Romans · Spain
1045
-15
zualoi
8:39 Loom
13:32 Feudal Age
15:03 Double-Bit Axe
16:05 Town Watch
18:41 Castle Age
17:08 Gold Mining
18:16 Town Watch
19:09 Wheelbarrow
18:25 Man-at-Arms
20:22 Squires
ivanxiri25
15:53 Feudal Age
17:33 Wheelbarrow
20:44 Man-at-Arms
23:43 Castle Age
Brigglyo
10:21 Loom
14:26 Feudal Age
20:17 Castle Age
21:01 Crossbowman
21:36 Fletching
25:30 Bodkin Arrow
25:24 Double-Bit Axe
Valen
7:02 Loom
14:29 Feudal Age
17:16 Town Watch
18:10 Wheelbarrow
20:26 Castle Age
27:41 Wheelbarrow
Connection lost

Rejoining the realm…

Still unreachable

The connection could not be restored.

Session expired

The server has moved on; the page needs a fresh start.